 Dungeon Crawl Stone Soup version 0.17-a0-81-g781747f (webtiles) character file.

11095 Ngotmuk the Basher (level 11, -2/101 HPs)
             Began as a Minotaur Berserker on Mar 15, 2015.
             Was a High Priest of Trog.
             Succumbed to Sonja's poison
             ... on level 10 of the Dungeon.
             The game lasted 00:38:31 (8388 turns).

Ngotmuk the Basher (Minotaur Berserker)             Turns: 8388, Time: 00:38:32

Health: -2/101     AC: 12    Str: 20    XL:     11   Next: 44%
Magic:  4/4        EV: 10    Int:  4    God:    Trog [*****.]
Gold:   417        SH:  6    Dex: 14    Spells: 0 memorised, 10 levels left

rFire  . . .     SeeInvis +     y - +11 flail "Ghinwokh" {crush, Noisy Str-5 Dex+4 SInv}
rCold  . . .     Clarity  .     e - +1 chain mail (curse)
rNeg   . . .     SustAb   .     n - +0 buckler
rPois  .         Gourm    .     (helmet restricted)
rElec  .         Spirit   +     (no cloak)
rCorr  .         Warding  .     (no gloves)
rMut   .         Stasis   .     (no boots)
MR     .....                    r - amulet of guardian spirit
Stlth  ..........               x - -2 ring of evasion (curse)
                                G - -3 ring of slaying (curse)

@: lethally poisoned (-2 -> -78), short of breath, slowed, very slow, not
resistant to hostile enchantments, extremely unstealthy
A: retaliatory headbutt, horns 2, no device heal 1
a: Burn Spellbooks, Berserk, Trog's Hand, Brothers in Arms, Renounce Religion


You were on level 10 of the Dungeon.
You worshipped Trog.
Trog was extremely pleased with you.
You were not hungry.

You visited 1 branch of the dungeon, and saw 10 of its levels.

You collected 417 gold pieces.

Inventory:

Hand weapons
 y - the +11 flail "Ghinwokh" (weapon) {crush, Noisy Str-5 Dex+4 SInv}
   (You found it on level 4 of the Dungeon)

   It inflicts extra damage upon your enemies.
   It affects your strength (-5).
   It affects your dexterity (+4).
   It enhances your eyesight.
   It may make noises in combat.
Armour
 e - a cursed +1 chain mail (worn)
 n - a +0 buckler (worn)
Jewellery
 r - an amulet of guardian spirit (around neck)
 x - a cursed -2 ring of evasion (right hand)
 G - a cursed -3 ring of slaying (left hand)
Scrolls
 a - 10 scrolls of identify
 b - 2 scrolls of fog
 d - 2 scrolls of teleportation
 j - 3 scrolls of recharging
 l - a scroll of enchant weapon
 m - 5 scrolls of remove curse
 t - a scroll of fear
 B - 2 scrolls of enchant armour
Potions
 f - a potion of beneficial mutation {unknown}
 g - 2 potions of ambrosia {unknown}
 h - 2 potions of brilliance {unknown}
 i - 5 potions of heal wounds
 k - a potion of haste {unknown}
 o - 2 potions of might {unknown}
 p - 2 potions of agility {unknown}
 q - 2 potions of restore abilities {unknown}
 s - 2 potions of invisibility {unknown}
 v - 2 potions of magic
 A - a potion of cancellation {unknown}
 C - 3 potions of curing {unknown}
 F - 2 potions of resistance {unknown}
Comestibles
 c - 6 bread rations
 u - 2 fruits
 w - 2 beef jerkies
 D - 6 meat rations


   Skills:
 + Level 10.4 Fighting
 + Level 10.8 Maces & Flails
 + Level 10.6 Armour
 + Level 9.3 Dodging
 + Level 8.4 Shields


You had 10 spell levels left.
You didn't know any spells.

Dungeon Overview and Level Annotations

Branches:
Dungeon (10/15)            Temple (0/1) D:5            Lair (0/8) D:10
    Orc: D:9-12

Altars:
Cheibriados
Elyvilon
Fedhas
Gozag
Kikubaaqudgha
Nemelex Xobeh
Okawaru
Ru
Sif Muna
Zin

Annotations:
D:10 Sonja


Innate Abilities, Weirdness & Mutations

You reflexively headbutt those who attack you in melee.
You have a pair of horns on your head.
Potions and wands are less effective at restoring your health.


Message History

You are more poisoned.
You barely miss Sonja. Your headbutt misses Sonja.
Sonja is lightly wounded.
* * * LOW HITPOINT WARNING * * *
You feel extremely sick. Sonja barely misses you.
Sonja hits you but does no damage.
You are more poisoned.
Sonja hits you but does no damage.
You are more poisoned.
Sonja hits you but does no damage.
Sonja hits you with an uncursed dagger of venom.
* * * LOW HITPOINT WARNING * * *
You are more poisoned.
Sonja barely misses you.
It was a potion of heal wounds.
You feel much better.
Your surroundings suddenly seem different.
* * * LOW HITPOINT WARNING * * *
You feel extremely sick.
It was a potion of magic.
Magic courses through your body.
You die...

## ### . .##..## ### ## #
#...#.#...## #># #. #..
..##..#...# ##.## #.## ..# ..#
#.....## #@..# ..# #.#
#.####.....###...## #.##.#
#...##..#...##./..###....#
#.....#K(#.........##...##
#........(.(....##.......###
#.<........(.#######.#.....####
#..#####.<..(# #.#..#).....
#..# ##....## ..#..####.))
##..## ##.##..## #..#..# ###)


There were no monsters in sight!

Vanquished Creatures
  The ghost of billydstr the Protected, an experienced HOBe of Trog (D:7)
  Pikel (D:7)
  2 hill giants
  An ugly thing (D:9)
  A griffon (D:9)
  Joseph (D:7)
  A spiny frog (D:10)
  A komodo dragon (D:10)
  A two-headed ogre (D:8)
  The ghost of Conn321 the Magician, an experienced SpCj (D:4)
  A spriggan (D:10)
  5 yaks (D:10)
  Eustachio (D:5)
  2 hippogriffs
  A deep elf mage (D:10)
  A hungry ghost (D:8)
  Menkaure (D:7)
  3 orc warriors
  A wasp (D:10)
  A black bear (D:7)
  3 sky beasts
  The ghost of billydstr the Skirmisher, an average HOBe of Trog (D:3)
  2 ogres
  A phantom (D:5)
  6 centaurs
  4 ice beasts
  A necrophage (D:7)
  Sigmund (D:4)
  Duvessa (D:4)
  A big kobold (D:8)
  7 giant frogs
  8 killer bees
  A water moccasin skeleton (D:8)
  3 wights (D:10)
  3 scorpions
  Dowan (D:4)
  A giant frog zombie (D:7)
  4 crimson imps
  2 goliath beetles
  A centaur zombie (D:6)
  2 jellies
  3 iguanas
  4 centaur skeletons
  6 hounds
  7 orc priests
  A giant frog skeleton (D:6)
  8 orc wizards
  A quasit (D:8)
  8 worker ants
  Ijyb (D:7)
  A worker ant zombie (D:5)
  7 adders
  A scorpion zombie (D:10)
  3 shadow imps
  3 giant mites
  4 worms
  An adder skeleton (D:4)
  An adder zombie (D:8)
  5 giant geckos
  32 orcs
  13 bats
  A bat skeleton (D:8)
  A giant cockroach (D:3)
  14 goblins
  24 hobgoblins
  17 jackals
  2 quokkas
  A ball python (D:5)
  A giant gecko skeleton (D:4)
  6 giant newts
  23 kobolds
  10 rats
  2 ballistomycetes (D:8)
294 creatures vanquished.

Vanquished Creatures (others)
  3 slaves (D:7)
  2 big kobolds (D:7)
  3 kobolds (D:7)
  A giant spore (D:8)
9 creatures vanquished.

Grand Total: 303 creatures vanquished

Notes
Turn   | Place    | Note
--------------------------------------------------------------
     0 | D:1      | Ngotmuk, the Minotaur Berserker, began the quest for the Orb.
     0 | D:1      | Reached XP level 1. HP: 19/19 MP: 1/1
   231 | D:1      | Reached XP level 2. HP: 24/27 MP: 1/1
   743 | D:2      | Reached XP level 3. HP: 29/33 MP: 2/2
   810 | D:2      | Reached skill level 4 in Maces & Flails
   815 | D:2      | Acquired Trog's second power
   977 | D:2      | Found a blossoming altar of Fedhas.
  1114 | D:2      | Reached XP level 4. HP: 33/40 MP: 2/2
  1435 | D:3      | Noticed billydstr's ghost (average HOBe)
  1452 | D:3      | Killed billydstr's ghost
  1452 | D:3      | Reached XP level 5. HP: 17/47 MP: 2/2
  1713 | D:3      | Reached skill level 5 in Maces & Flails
  2119 | D:3      | Reached XP level 6. HP: 52/55 MP: 3/3
  2234 | D:4      | Noticed Conn321's ghost (experienced SpCj)
  2254 | D:4      | Killed Conn321's ghost
  2254 | D:4      | Reached skill level 5 in Fighting
  2254 | D:4      | Reached skill level 5 in Armour
  2344 | D:4      | Noticed Sigmund
  2350 | D:4      | Reached XP level 7. HP: 40/61 MP: 3/3
  2374 | D:4      | Killed Sigmund
  2823 | D:4      | Reached skill level 6 in Maces & Flails
  2829 | D:4      | Reached skill level 5 in Dodging
  3055 | D:4      | Got a brightly glowing flail
  3056 | D:4      | Identified the +11 flail "Ghinwokh" {crush, Noisy Str-5 Dex+4 SInv} (You found it on level 4 of the Dungeon)
  3139 | D:4      | Noticed Duvessa
  3139 | D:4      | Noticed Dowan
  3143 | D:4      | Killed Duvessa
  3145 | D:4      | Killed Dowan
  3444 | D:5      | Entered Level 5 of the Dungeon
  3485 | D:5      | Acquired Trog's third power
  3650 | D:5      | Noticed Eustachio
  3652 | D:5      | Killed Eustachio
  3652 | D:5      | Reached skill level 1 in Shields
  3652 | D:5      | Reached XP level 8. HP: 71/71 MP: 3/3
  3657 | D:5      | Reached skill level 7 in Maces & Flails
  3811 | D:5      | Found a sacrificial altar of Ru.
  3902 | D:5      | Found a staircase to the Ecumenical Temple.
  3940 | D:5      | Found a sparkling altar of Nemelex Xobeh.
  4128 | D:6      | Found a white marble altar of Elyvilon.
  4842 | D:6      | Found an iron altar of Okawaru.
  4842 | D:6      | Found a snail-covered altar of Cheibriados.
  4843 | D:6      | Found a glowing silver altar of Zin.
  5081 | D:6      | Found a deep blue altar of Sif Muna.
  5625 | D:7      | Noticed Ijyb
  5631 | D:7      | Killed Ijyb
  5634 | D:7      | Reached skill level 8 in Maces & Flails
  5634 | D:7      | Reached XP level 9. HP: 47/79 MP: 1/4
  5772 | D:7      | Found an ancient bone altar of Kikubaaqudgha.
  5799 | D:7      | Noticed billydstr's ghost (experienced HOBe)
  5806 | D:7      | Killed billydstr's ghost
  5833 | D:7      | Reached skill level 5 in Shields
  5863 | D:7      | Noticed Joseph
  5871 | D:7      | Killed Joseph
  5921 | D:7      | Noticed Pikel
  5922 | D:7      | Found a staircase to the Ecumenical Temple.
  5927 | D:7      | Killed Pikel
  5927 | D:7      | Reached skill level 9 in Maces & Flails
  5990 | D:7      | Reached XP level 10. HP: 74/90 MP: 3/4
  6154 | D:7      | Noticed Menkaure
  6161 | D:7      | Killed Menkaure
  6202 | D:7      | Noticed a hill giant
  6207 | D:7      | Killed a hill giant
  6465 | D:8      | Noticed a hill giant
  6468 | D:8      | Killed a hill giant
  6567 | D:8      | Gained mutation: Potions and wands are less effective at restoring your health. [mutagenic meat]
  7082 | D:8      | Received a gift from Trog
  7182 | D:8      | Reached skill level 10 in Maces & Flails
  7223 | D:8      | You fall through a shaft for 2 floors!
  7223 | D:10     | Entered Level 10 of the Dungeon
  7286 | D:10     | Reached XP level 11. HP: 88/99 MP: 4/4
  7290 | D:10     | Reached skill level 10 in Fighting
  7302 | D:10     | Reached skill level 10 in Armour
  7387 | D:9      | Received a gift from Trog
  7631 | D:9      | Found an opulent altar of Gozag.
  8297 | D:10     | Found a staircase to the Lair.
  8313 | D:10     | Received a gift from Trog
  8375 | D:10     | Noticed Sonja
  8386 | D:10     | HP: 4/101 [Sonja/uncursed dagger of venom (3)]
  8388 | D:10     | Succumbed to Sonja's poison

Action                   |  1- 3 |  4- 6 |  7- 9 | 10-12 || total
-------------------------+-------+-------+-------+-------++-------
Melee: Mace              |    63 |    93 |    37 |       ||   193
       Flail             |       |       |   121 |   220 ||   341
Invok: Burn Spellbooks   |       |       |     1 |     1 ||     2
  Use: Scroll            |     1 |       |     5 |     9 ||    15
       Potion            |       |       |       |     2 ||     2
  Eat: Beef jerky        |     1 |       |     1 |       ||     2
       Bread ration      |       |     1 |       |       ||     1
       Meat ration       |       |       |     1 |     2 ||     3
       Fruit             |       |       |     3 |       ||     3
       Royal jelly       |       |       |     1 |       ||     1
       Chunk             |       |       |       |     1 ||     1
